 Dungeon Crawl Stone Soup version 0.31-a0-986-g5e6e4ef867 (webtiles) character file.

Game seed: 11524862541932833047

190 ytrimaz the Ruffian (level 5, -22/46 HPs)
             Began as a Troll Shapeshifter on Nov 3, 2023.
             Annihilated by an ogre
             ... wielding a +0 giant club
              (32 damage)
             ... on level 6 of the Dungeon.
             The game lasted 00:01:58 (1475 turns).

ytrimaz the Ruffian (Troll Shapeshifter)            Turns: 1475, Time: 00:01:59

Health: -22/46     AC:  4    Str: 22    XL:     5   Next: 41%
Magic:  4/4        EV:  9    Int:  6    God:
Gold:   97         SH:  0    Dex: 11    Spells: 4/4 levels left

rFire   . .          .
                       - Unarmed
rCold   . . .        (no shield)
rNeg    . . .        a - +0 animal skin
rPois   .            (helmet currently unavailable)
rElec   .            (cloak currently unavailable)
rCorr   .            (gloves unavailable)
SInv    .            (boots unavailable)
Will    .....        (no amulet)
Stlth   +            (no ring)
HPRegen 1.07/turn    (no ring)
MPRegen 0.09/turn

%: no passive effects
@: beast-form
A: beast (slay +2), large, unfitting armour, claws 3, regeneration 1, shaggy fur
1, tough skin 1
a: Begin Untransformation


You were on level 6 of the Dungeon.
You were a hulking beast.
You visited 1 branch of the dungeon, and saw 4 of its levels.

You collected 97 gold pieces.


Innate Abilities, Weirdness & Mutations

You are a hulking beast.
Your limbs bulge with bestial killing power. (Slay +2)
You are too large for most types of armour.
You have claws for hands.
Your natural rate of healing is unusually fast.
You are covered in fur. (AC +1)
You have tough skin. (AC +1)


   Skills:
 - Level 0.7 Fighting
 - Level 1.5 Dodging
 + Level 4.8 Unarmed Combat
 + Level 4.5 Shapeshifting


You had 4 spell levels left.
You didn't know any spells.
Your spell library was empty.

Inventory:

Armour
 a - a +0 animal skin (worn)
 o - a +0 cloak
   (You found it on level 3 of the Dungeon)
Jewellery
 p - an amulet of guardian spirit
   (You found it on level 3 of the Dungeon)
Talismans
 c - a beast talisman
 d - a flux talisman
Scrolls
 g - 4 scrolls of identify {unknown}
 k - a scroll of vulnerability {unknown}
 m - a scroll of teleportation {unknown}
Potions
 b - 2 potions of lignification
 e - a potion of degeneration {unknown}
 f - a potion of invisibility {unknown}
 h - a potion of haste {unknown}
 i - a potion of heal wounds {unknown}
 j - 2 potions of curing {unknown}
 l - 2 potions of enlightenment {unknown}
 n - 2 potions of cancellation {unknown}

Dungeon Overview and Level Annotations

Branches:
Dungeon (3/15) Zot: 22532  Temple (0/1) D:6

Altars:

..~.......~..#
..~...?...~...
.!~(..>...~..#
..~...h...~..#
..~.......~..
#~#.....#~# #.#
#~~~~~O~~~# ...
.###...h.###.##.#
.............##.#
...###...######.# ######
.........##.....# #.....
.....<.#.##.....###.....
........................
.......#.##.....###.....
...#.###.##....)# #.....
.........##.#.#.# ######


You could see a black bear and an ogre.


Message History

Your hp is fully restored (40).
No target in view!
No target in view!
You now have 82 gold pieces (gained 11).
l - 2 sapphire potions (gained 1)
Found a stone staircase leading down.
A hobgoblin comes into view.
A hobgoblin is nearby!
The hobgoblin shouts!
A hobgoblin is nearby!
A hobgoblin is nearby!
The hobgoblin barely misses you. The hobgoblin barely misses you.
You scratch the hobgoblin. You scratch the hobgoblin. The hobgoblin misses you.
You closely miss the hobgoblin.
The hobgoblin hits you but does no damage.
The hobgoblin hits you. 😕 HP[-1]
You take 1 damage, and now have 39/40 hp.
The hobgoblin attacks as it pursues you!
The hobgoblin closely misses you.
You see here an amulet of guardian spirit. 😎 HP[+1]
Your hp is fully restored (40).
You barely miss the hobgoblin. The hobgoblin hits you. 😕 HP[-4]
You take 4 damage, and now have 36/40 hp.
p - an amulet of guardian spirit The hobgoblin hits you but does no damage. 😕 HP[+1]
You claw the hobgoblin!
You kill the hobgoblin! 😕 HP[+1]
You see here a hobgoblin corpse. 😕 HP[+1] 😎 HP[+1]
Your hp is fully restored (40).
g - 4 scrolls labelled VUW KIEGAD (gained 1)
n - 2 coppery potions (gained 1)
You now have 97 gold pieces (gained 15).
Key pressed, stopping explore.
You open the door.
There is an open door here.
A goblin comes into view. It is wielding a +0 club.
A goblin is nearby!
A goblin is nearby!
A goblin is nearby!
A goblin is nearby!
The goblin shouts!
You claw the goblin!
You kill the goblin!
No target in view!
Things that are here:
a +0 club; a goblin corpse No target in view!
Key pressed, stopping explore.
A malevolent force fills the Dungeon...
You fall into a shaft and drop 3 floors!
The shaft crumbles and collapses.
A sky beast comes into view.
The sky beast flickers out of sight!
Deactivating autopickup; reactivate with Ctrl-A.
There is a strange disturbance nearby!
There is a strange disturbance nearby!
There is a strange disturbance nearby!
No target in view!
Something hits you but does no damage.
You claw something! You claw something!
Reactivating autopickup.
You feel a bit more experienced.
You have reached level 5! 😎 HP[+6] MP[+1]
You now have 46 max hp (+6).
Your hp is fully restored (46).
Your mp is fully restored (4).
Found a stone staircase leading up.
An ogre comes into view. It is wielding a +0 giant club.
Found 5 boomerangs and an orange potion.
Found a staircase to the Ecumenical Temple.
The ogre shouts!
A black bear comes into view.
The ogre hits you with a +0 giant club! 😮 HP[-15]
You take 15 damage, and now have 31/46 hp.
MASSIVE DAMAGE!! (PAUSE)
You barely miss the ogre.
The ogre hits you with a +0 giant club!!
Ouch! That really hurt!
* * * LOW HITPOINT WARNING * * *
😱 HP[-23]
You take 23 damage, and now have 8/46 hp.
MASSIVE DAMAGE!! (PAUSE)
You claw the ogre! 😱 HP[+1] Unknown command.
You claw the ogre!
The ogre hits you with a +0 giant club!!
Ouch! That really hurt!
You die...

Skill      XL: |  1  2  3  4 |
---------------+-------------+-----
Unarmed Combat | 4 |  4.8
Shapeshifting  | 4 |  4.5
Fighting       | |  0.7
Dodging        | |  1.5

Action                     |  1- 3 |  4- 6 || total
---------------------------+-------+-------++-------
  Melee: Unarmed           |    86 |    22 ||   108
         Punch             |     2 |       ||     2
 Armour: Animal skin       |    43 |    14 ||    57
  Dodge: Dodged            |    32 |     8 ||    40

Levels and vault maps discovered:
D:1:      dpeg_arrival_pits, layout_loops_ring,
          shapermc_ecumenical_altar_pompeii
D:2:      layout_basic, kennysheep_generic_room_9
D:3:      layout_basic, regret_index_temple_of_mockery, minivault_26,
          hangedman_feature_mirror
D:6:      layout_loops_cross, nicolae_ashenzari_panopticon,
          minmay_temple_entry_water_ring, uniq_duvessa, uniq_edmund

Notes
Turn   | Place    | Note
-------+----------+-------------------------------------------
     0 | D:1      | ytrimaz the Troll Shapeshifter began the quest for the Orb.
     0 | D:1      | Reached XP level 1. HP: 18/18 MP: 0/0
     0 | D:1      | magus.rc [v1.9.6]
   128 | D:1      | Reached XP level 2. HP: 26/26 MP: 1/1
   331 | D:1      | Found a faded altar of an unknown god.
   551 | D:2      | Reached XP level 3. HP: 32/32 MP: 2/2
  1018 | D:2      | Reached skill level 4 in Unarmed Combat
  1148 | D:3      | Reached XP level 4. HP: 38/40 MP: 3/3
  1167 | D:3      | Reached skill level 4 in Shapeshifting
  1440 | D:3      | You fall into a shaft and drop 3 floors!
  1440 | D:4      | Identified the "Echour Racec"
  1443 | D:6      | Noticed a sky beast
  1448 | D:6      | Killed a sky beast
  1449 | D:6      | Reached XP level 5. HP: 46/46 MP: 4/4
  1468 | D:6      | Found a staircase to the Ecumenical Temple.
  1468 | D:6      | Noticed an ogre
  1472 | D:6      | Noticed a black bear
  1473 | D:6      | HP: 8/46 [ogre/+0 giant club (24)]
  1475 | D:6      | Annihilated by an ogre

Vanquished Creatures
  A sky beast (D:6)
  A sleepcap (D:3)
  2 adders (D:2)
  A dart slug (D:2)
  An orc (D:2)
  5 ball pythons
  5 endoplasms
  2 giant cockroaches (D:2)
  6 goblins
  6 hobgoblins
  7 quokkas
  3 bats
  2 frilled lizards (D:2)
  5 kobolds
  4 rats
51 creatures vanquished.

Table legend:
 A = Non-vault XP
 B = Vault XP
 C = Vault XP percentage of total XP
 D = Non-vault monster count
 E = Vault monster count
 F = Vault count percentage of total count
                 A         B        C        D         E       F
            +---------+---------+-------+---------+---------+-------
      Total |     272 |       0 |   0.0 |      51 |       0 |   0.0
            +---------+---------+-------+---------+---------+-------
        D:1 |      23 |       0 |   0.0 |      13 |       0 |   0.0
        D:2 |      70 |       0 |   0.0 |      26 |       0 |   0.0
        D:3 |      55 |       0 |   0.0 |      11 |       0 |   0.0
        D:6 |     124 |       0 |   0.0 |       1 |       0 |   0.0
            +---------+---------+-------+---------+---------+-------

Skill      XL: |  1  2  3  4 |
---------------+-------------+-----
Unarmed Combat | 4 |  4.8
Shapeshifting  | 4 |  4.5
Fighting       | |  0.7
Dodging        | |  1.5

Action                     |  1- 3 |  4- 6 || total
---------------------------+-------+-------++-------
  Melee: Unarmed           |    86 |    22 ||   108
         Punch             |     2 |       ||     2
 Armour: Animal skin       |    43 |    14 ||    57
  Dodge: Dodged            |    32 |     8 ||    40

Illustrated notes

Table legend:
 A = Kills in this place as a percentage of kills in the entire game.
 B = Kills by you in this place as a percentage of kills by you in the entire game.
 C = Kills by friends in this place as a percentage of kills by friends in the entire game.
 D = Other kills in this place as a percentage of other kills in the entire game.
 E = Experience gained in this place as a percentage of experience gained in the entire game.
 F = Experience gained in this place divided by the number of levels of this place that you have seen.
                   A       B       C       D       E      F
               +-------+-------+-------+-------+-------+----------------------
         Total | 100.0 | 100.0 |   N/A |   N/A | 100.0 |  68.0
       Dungeon | 100.0 | 100.0 |   N/A |   N/A | 100.0 |  68.0
               +-------+-------+-------+-------+-------+----------------------

Table legend: (Time is in decaauts)
 A = Elapsed time spent in this place.
 B = Non-inter-level travel time spent in this place.
 C = Inter-level travel time spent in this place.
 D = Time resting spent in this place.
 E = Time spent auto-exploring this place.
 F = Levels seen in this place.
 G = Mean time per level.
                   A        B        C        D        E       F      G
               +--------+--------+--------+--------+--------+-----+--------+
         Total |   1467 |   1405 |     62 |      0 |   1041 |   4 |  366.8 |
       Dungeon |   1467 |   1405 |     62 |      0 |   1041 |   4 |  366.8 |
               +--------+--------+--------+--------+--------+-----+--------+

Top non-repeatable levels by time:
     D:2: 591 daAuts
     D:1: 531 daAuts
     D:3: 310 daAuts
     D:6: 34 daAuts
